 Dungeon Crawl Stone Soup version 0.26-a0-665-gefeb406119 (webtiles) character file.

Game seed: 15395562573610405610

21093 lunkers the Gelid (level 12, 0/99 HPs)
             Began as a Barachi Ice Elementalist on Oct 15, 2020.
             Was an Elder of Vehumet.
             Killed from afar by a fire crab (4 damage)
             ... with a blast of flame
             ... on level 5 of the Lair of Beasts.
             The game lasted 00:29:01 (19262 turns).

lunkers the Gelid (Barachi Ice Elementalist)       Turns: 19262, Time: 00:29:01

Health: 0/99       AC: 14    Str: 10    XL:     12   Next: 86%
Magic:  26/26      EV:  9    Int: 19    God:    Vehumet [****..]
Gold:   859        SH:  5    Dex: 24    Spells: 21/32 levels left

rFire    . . .     SeeInvis .   a - +5 flail "Giant's Nightmare" {drain, rC+ Str+2}
rCold    + + .     Faith    .   w - -1 buckler
rNeg     + . .     Spirit   .   o - +2 scale mail "Poll" {rElec rC+ rCorr Dex+3}
rPois    +         Reflect  .   E - +1 helmet
rElec    +         Harm     .   I - +2 ratskin cloak {*Rats rPois rN+ Str-1 Int-1 Dex+1}
rCorr    +         Rampage  .   (no gloves)
MR       +....                  r - +0 pair of boots
Stlth    +.........             A - amulet of magic regeneration
HPRegen  0.26/turn              q - ring of protection from magic
MPRegen  0.45/turn              C - +6 ring of dexterity

@: about to teleport, can't hop, slow
A: +LOS, swims, slowness 1, strong legs 1
a: Hop, Renounce Religion


You were on level 5 of the Lair of Beasts.
You worshipped Vehumet.
Vehumet was greatly pleased with you.
You visited 3 branches of the dungeon, and saw 15 of its levels.
You also visited: Sewer.

You collected 1097 gold pieces.
You spent 238 gold pieces at shops.

Inventory:

Hand Weapons
 a - the +5 flail "Giant's Nightmare" (weapon) {drain, rC+ Str+2}
   (You bought it in a shop on level 5 of the Dungeon)

   A truly terrible weapon, it drains the life of those it strikes.
   It affects your strength (+2).
   It protects you from cold.
 x - a +3 vorpal rapier
Missiles
 s - 24 poisoned darts (quivered)
Armour
 o - the +2 scale mail "Poll" (worn) {rElec rC+ rCorr Dex+3}
   (You found it on level 2 of the Lair of Beasts)

   It affects your dexterity (+3).
   It protects you from cold.
   It insulates you from electricity.
   It provides partial protection from all sources of acid and corrosion.
 r - a +0 pair of boots (worn)
 w - a -1 buckler (worn)
 E - a +1 helmet (worn)
 I - the +2 ratskin cloak (worn) {*Rats rPois rN+ Str-1 Int-1 Dex+1}
   (You found it on level 7 of the Dungeon)

   It affects your strength (-1).
   It affects your intelligence (-1).
   It affects your dexterity (+1).
   It protects you from poison.
   It protects you from negative energy.
 K - a +0 leather armour of fire resistance
Jewellery
 e - an uncursed ring of protection from cold
 q - a ring of protection from magic (left hand)
 v - an uncursed amulet of guardian spirit
 A - an amulet of magic regeneration (around neck)
 C - a +6 ring of dexterity (right hand)
 F - an uncursed ring of fire
Wands
 n - a wand of paralysis (19)
 y - a wand of flame (55)
 J - a wand of acid (20)
Scrolls
 c - 5 scrolls of teleportation
 d - a scroll of blinking
 g - 5 scrolls of identify
 i - 3 scrolls of fear
 k - 6 scrolls of amnesia
 l - 8 scrolls of remove curse
 z - 2 scrolls of vulnerability
 M - a scroll of summoning
Potions
 b - 2 potions of brilliance
 f - 6 potions of heal wounds
 h - 5 potions of curing
 j - 5 potions of haste
 m - 3 potions of invisibility
 p - 2 potions of cancellation
 t - 2 potions of magic
 u - 6 potions of flight
 D - 3 potions of stabbing
 G - 5 potions of lignification
 H - 3 potions of mutation


   Skills:
 + Level 10.8 Fighting
 - Level 2.1 Dodging
 - Level 1.7 Stealth
 - Level 4.0 Shields
 + Level 10.9 Spellcasting
 * Level 17.4 Ice Magic


You had 21 spell levels left.
You knew the following spells:

 Your Spells              Type           Power        Failure   Level
a - Freeze                Ice            ####         1%          1
b - Frozen Ramparts       Ice            ######       1%          3
c - Ozocubu's Armour      Ice            ######..     1%          3
d - Summon Ice Beast      Ice/Summ       #####...     14%         4

Your spell library contained the following spells:

 Spells                   Type           Power        Failure   Level
 Stone Arrow              Conj/Erth      ##....       36%         3
 Ensorcelled Hibernation  Hex/Ice        #####.       1%          2
 Hailstorm                Conj/Ice       #####...     4%          4
 Foxfire                  Conj/Fire      ##..         13%         1
 Shock                    Conj/Air       ##..         13%         1
 Conjure Flame            Conj/Fire      ##......     36%         3
 Ignite Poison            Fire/Tmut/Pois ##......     36%         3
 Inner Flame              Hex/Fire       ##......     36%         3
 Mephitic Cloud           Conj/Pois/Air  ##......     36%         3
 Static Discharge         Conj/Air       ##......     36%         3
 Metabolic Englaciation   Hex/Ice        #####.....   36%         5
 Sting                    Tmut/Pois      ##..         45%         1
 Summon Small Mammal      Summ           ##..         45%         1
 Call Imp                 Summ           ##......     58%         2
 Poisonous Vapours        Pois/Air       ##....       58%         2
 Swiftness                Air            ##......     58%         2
 Airstrike                Air            ##........   73%         4
 Olgreb's Toxic Radiance  Pois           ##......     73%         4
 Sticky Flame             Conj/Fire      ##......     73%         4
 Call Canine Familiar     Summ           ##......     83%         3
 Confusing Touch          Hex            ##......     83%         3
 Gell's Gravitas          Tloc           ##........   83%         3
 Summon Guardian Golem    Hex/Summ       ##......     83%         3
 Fireball                 Conj/Fire      ##........   96%         5
 Lightning Bolt           Conj/Air       ##........   96%         5
 Yara's Violent Unravell  Hex/Tmut       ##........   96%         5
 Petrify                  Tmut/Erth      ##......     99%         4
 Summon Lightning Spire   Summ/Air       ##......     99%         4
 Borgnjor's Vile Clutch   Necr/Erth      ##........   100%        5
 Silence                  Hex/Air        ##........   100%        5
 Conjure Ball Lightning   Conj/Air       ##........   100%        6
 Shadow Creatures         Summ           N/A          100%        6
 Tornado                  Air            ##........   100%        9


Dungeon Overview and Level Annotations

Branches:
Dungeon (9/15)             Temple (1/1) D:6            Lair (5/6) D:9
  Swamp (0/4) Lair:4        Snake (0/4) Lair:3          Orc (0/2) D:9
  Sewer (visited)
  Slime: Lair:5-6

Altars:
Ashenzari
Cheibriados
Dithmenos
Elyvilon
Fedhas
Gozag
Hepliaklqana
Kikubaaqudgha
Makhleb
Nemelex Xobeh
Okawaru
Qazlal
Ru
Sif Muna
Trog
Uskayaw
Vehumet
Wu Jian
Xom
Yredelemnul
Zin
The Shining One

Shops:
D:5 *:(


Innate Abilities, Weirdness & Mutations

You can be seen from farther away. (+LOS)
You can swim through water.
You cover ground slowly.
You can hop short distances.


Message History

The fire crab is moderately wounded.
You are engulfed in blazing flames.
* * * LOW HITPOINT WARNING * * *
A hell rat scurries out from under your cloak.
The fire crab bites you but does no damage.
You block the fire crab's attack.
You are engulfed in blazing flames.
* * * LOW HITPOINT WARNING * * *
The fire crab breathes flames at you.
The blast of flame engulfs you but does no damage.
Your hell rat is engulfed in blazing flames.
Press: ? - help, Dir - move target cursor Boing!
Your hell rat barely misses the fire crab.
Unknown command.
As you read the scroll of teleportation, it crumbles to dust.
You feel strangely unstable.
Your hell rat bites the fire crab!
The fire crab breathes flames at you. The blast of flame engulfs you.
You die...

##...#[...##### #
#P..§##..?..#.# ..
#...##.......# .. . ###
#.°.†....P..#### ##
P.#... #°°#t†.........#
.#
......###°°r..........#
.#
.....(..°°°°°..P....P##
..
...P.....☼°°..P#.#..##
........@.......#...##
#
...#...#.......##....#
#..
.......#P......#.....#
...
..#....###...P#.#...##
>.. ....
.........###..# #..
...P...##...#.###...##
...
....P..#....#...##...#
#.. .
..................## .
#................#


You could see a fire crab and a friendly hell rat.

Vanquished Creatures
  A hydra (Lair:4)
  A boulder beetle (Lair:3)
  A death yak (Lair:2)
  9 elephants
  A black mamba (Lair:3)
  A torpor snail (Lair:2)
  4 cane toads
  A rime drake (Lair:3)
  2 komodo dragons
  A polar bear (Lair:5)
  3 dream sheep (Lair:4)
  12 yaks
  A wyvern (Lair:1)
  Edmund (D:5)
  A naga (Lair:3)
  A soldier ant (D:8)
  Duvessa (D:4)
  7 water moccasins
  A nameless horror (Lair:3)
  3 orc warriors (D:8)
  3 ice beasts
  A sky beast (D:7)
  3 phantoms
  4 ogres
  3 wolves (Lair:5)
  A centaur (D:9)
  A big kobold (D:9)
  13 bullfrogs
  A wyvern skeleton (D:9)
  Dowan (D:4)
  A water moccasin skeleton (D:7)
  3 scorpions
  6 howler monkeys
  A bullfrog zombie (D:9)
  8 hounds
  2 quasits
  A jelly (D:7)
  9 orc priests
  2 bullfrog skeletons (D:7)
  10 orc wizards
  2 centaur skeletons
  Ijyb (D:4)
  5 iguanas
  13 worker ants
  A merfolk avatar (Sewer)
  A merfolk siren (Sewer)
  A hell rat (D:7)
  A hound zombie (D:9)
  A worker ant zombie (D:6)
  7 adders
  4 gnolls
  9 river rats
  A shadow imp (D:7)
  A white imp (D:9)
  4 ufetubi
  3 oozes (D:2)
  An adder skeleton (D:4)
  5 worms
  5 leopard geckos
  37 orcs
  3 ball pythons
  12 giant cockroaches
  8 hobgoblins
  14 jackals
  6 kobolds
  2 quokkas
  6 bats
  12 frilled lizards
  6 goblins
  A leopard gecko skeleton (D:4)
  A quokka skeleton (D:7)
  48 rats
349 creatures vanquished.

Vanquished Creatures (collateral kills)
  Harold (Lair:1)
  8 elephants
  A black mamba (Lair:3)
  2 cane toads
  2 komodo dragons
  A polar bear (Lair:5)
  A dream sheep (Lair:4)
  A vampire (D:8)
  9 yaks
  A swamp worm (Lair:4)
  2 nagas (Lair:3)
  3 water moccasins
  3 wolves (Lair:5)
  A bullfrog (Lair:3)
  An orc wizard (D:8)
  A nameless horror (Lair:2)
  An orc (D:8)
39 creatures vanquished.

Vanquished Creatures (others)
  A bush (Lair:5)
  16 fungi
  20 plants
37 creatures vanquished.

Grand Total: 425 creatures vanquished

Notes
Turn   | Place    | Note
-------+----------+-------------------------------------------
     0 | D:1      | lunkers the Barachi Ice Elementalist began the quest for
                  | the Orb.
     0 | D:1      | Reached XP level 1. HP: 13/13 MP: 3/3
    65 | D:1      | Reached skill level 5 in Ice Magic
    87 | D:1      | Reached XP level 2. HP: 13/19 MP: 0/5
   893 | D:1      | Reached XP level 3. HP: 24/24 MP: 4/6
  1498 | D:1      | Reached skill level 6 in Ice Magic
  1546 | D:1      | Reached XP level 4. HP: 26/30 MP: 5/8
  2927 | D:3      | Reached XP level 5. HP: 35/35 MP: 7/10
  2932 | D:3      | Learned a level 3 spell: Frozen Ramparts
  2936 | D:3      | Learned a level 3 spell: Ozocubu's Armour
  3010 | D:3      | Found a shimmering blue altar of Sif Muna.
  3285 | D:3      | Reached skill level 7 in Ice Magic
  3978 | D:4      | Noticed Ijyb
  4017 | D:4      | HP: 1/35 [Ijyb (3)]
  4025 | D:4      | Reached XP level 6. HP: 18/41 MP: 6/11
  4028 | D:4      | Killed Ijyb
  4242 | D:4      | Reached skill level 8 in Ice Magic
  4717 | D:4      | Reached XP level 7. HP: 39/46 MP: 8/13
  5013 | D:4      | Reached skill level 1 in Shields
  5014 | D:4      | Reached skill level 9 in Ice Magic
  5140 | D:4      | Reached skill level 5 in Spellcasting
  5184 | D:4      | Noticed Dowan
  5190 | D:4      | Noticed Duvessa
  5196 | D:4      | Killed Dowan
  5197 | D:4      | Killed Duvessa
  5197 | D:4      | Reached XP level 8. HP: 29/52 MP: 7/15
  5365 | D:4      | Found a bloodstained altar of Trog.
  5587 | D:4      | Reached skill level 10 in Ice Magic
  5822 | D:5      | Entered Level 5 of the Dungeon
  5826 | D:5      | Found a blossoming altar of Fedhas.
  6020 | D:5      | Found a glowing drain.
  6059 | Sewer    | Entered a sewer
  6516 | D:5      | Found Gamocs's Antique Weapon Shoppe.
  6549 | D:5      | Bought a warped flail for 238 gold pieces
  6549 | D:5      | Identified the +5 flail "Giant's Nightmare" {drain, rC+
                  | Str+2} (You bought it in a shop on level 5 of the Dungeon)
  6659 | D:5      | Noticed Edmund
  6674 | D:5      | Killed Edmund
  6687 | D:5      | Learned a level 4 spell: Summon Ice Beast
  6963 | D:5      | Reached skill level 1 in Fighting
  7177 | D:5      | Found Keeckishe's Assorted Antiques.
  7254 | D:5      | Reached skill level 11 in Ice Magic
  7264 | D:5      | Reached XP level 9. HP: 33/59 MP: 13/18
  7446 | D:5      | Found Wicall's Book Shop.
  7915 | D:6      | Found a staircase to the Ecumenical Temple.
  7940 | Temple   | Entered the Ecumenical Temple
  8090 | Temple   | Became a worshipper of Vehumet
  9423 | D:7      | Reached * piety under Vehumet
  9423 | D:7      | Offered knowledge of Sandblast by Vehumet.
  9567 | D:7      | Reached skill level 12 in Ice Magic
 10402 | D:7      | Found the +2 ratskin cloak {*Rats rPois rN+ Str-1 Int-1
                  | Dex+1}
 11027 | D:8      | Reached ** piety under Vehumet
 11027 | D:8      | Offered knowledge of Magic Dart by Vehumet.
 11148 | D:8      | Reached XP level 10. HP: 15/73 MP: 17/21
 11451 | D:8      | Reached skill level 5 in Fighting
 11670 | D:8      | Reached skill level 13 in Ice Magic
 12276 | D:9      | Found a staircase to the Orcish Mines.
 12277 | D:9      | Offered knowledge of Dazzling Flash by Vehumet.
 12296 | D:9      | Reached *** piety under Vehumet
 12692 | D:9      | Found a staircase to the Lair.
 12739 | D:9      | Offered knowledge of Fulminant Prism by Vehumet.
 12839 | Lair:1   | Entered Level 1 of the Lair of Beasts
 12839 | Lair:1   | Noticed Harold
 12846 | Lair:1   | Killed Harold
 13331 | Lair:1   | Reached skill level 14 in Ice Magic
 14234 | Lair:2   | Noticed an elephant
 14234 | Lair:2   | Noticed an elephant
 14234 | Lair:2   | Noticed an elephant
 14234 | Lair:2   | Noticed a cane toad
 14246 | Lair:2   | Killed an elephant
 14246 | Lair:2   | Killed an elephant
 14246 | Lair:2   | Reached XP level 11. HP: 67/84 MP: 13/23
 14540 | Lair:2   | Noticed a death yak
 14553 | Lair:2   | Killed a death yak
 15018 | Lair:2   | Reached **** piety under Vehumet
 15221 | Lair:2   | Got a faintly humming scale mail
 15670 | Lair:2   | Identified the +2 scale mail "Poll" {rElec rC+ rCorr Dex+3}
                  | (You found it on level 2 of the Lair of Beasts)
 15682 | Lair:3   | Found a staircase to the Snake Pit.
 15689 | Lair:3   | Reached skill level 15 in Ice Magic
 16575 | Lair:3   | Offered knowledge of Stone Arrow by Vehumet.
 16617 | Lair:3   | Noticed a boulder beetle
 16635 | Lair:3   | Killed a boulder beetle
 17439 | Lair:4   | Reached skill level 16 in Ice Magic
 17445 | Lair:4   | Reached skill level 10 in Spellcasting
 17445 | Lair:4   | Reached XP level 12. HP: 89/95 MP: 16/26
 17570 | Lair:4   | Noticed an eight-headed hydra
 17580 | Lair:4   | Killed an eight-headed hydra
 17580 | Lair:4   | Reached skill level 10 in Fighting
 18059 | Lair:4   | Found a staircase to the Swamp.
 18648 | Lair:5   | Reached skill level 17 in Ice Magic
 18986 | Lair:5   | Noticed a death yak
 18986 | Lair:5   | Noticed a death yak
 18986 | Lair:5   | Noticed a death yak
 18986 | Lair:5   | Noticed a death yak
 18989 | Lair:5   | Noticed a death yak
 18989 | Lair:5   | Noticed a death yak
 19260 | Lair:5   | HP: 3/99 [fire crab] (12)]
 19262 | Lair:5   | Killed from afar by a fire crab

Illustrated notes

Levels and vault maps discovered:
D:1:      ebering_hopf_link, layout_loops_ring, minmay_cupped
D:2:      layout_basic, grunt_decor_mini_mirrors
D:3:      layout_basic, led_sif_pool
D:4:      layout_cave_pools, trog_three_pillars_becter, uniq_duvessa, uniq_ijyb
D:5:      layout_basic, fedhas_altar_2, portal_sewer_entry_c, serial_shops,
          nicolae_shop_trees, shop, shop, uniq_edmund
D:6:      layout_loops_ring, minmay_temple_entry_stoned_glass
D:7:      wander_guarded_unrand_ratskin, layout_layer_cave,
          minmay_fractal_squares_5
D:8:      layout_loops_cross, kennysheep_nub
D:9:      layout_rooms, lair_entry_dummy, david_orc_2
Temple:   regret_index_temple_chain_breaker
Lair:1:   layout_long_grid, uniq_harold
Lair:2:   layout_regular_city
Lair:3:   layout_roguey, guppyfry_snake_entry_island
Lair:4:   layout_concentric_octagons, minmay_swamp_entry_worms
Lair:5:   layout_loops_ring, grunt_megastairs_4

Skill      XL: |  1  2  3  4  5  6  7  8  9 10 11 12 |
---------------+-------------------------------------+-----
Ice Magic      | 5 6 7 8 9 11 12 14 16 17 | 17.4
Spellcasting   | 3 4 5 6 7 8 10 | 10.9
Shields        | 2 4 |  4.0
Fighting       | 1 4 7 9 10 | 10.8
Dodging        | |  2.1
Stealth        | |  1.7

Action                   |  1- 3 |  4- 6 |  7- 9 | 10-12 || total
-------------------------+-------+-------+-------+-------++-------
Melee: Unarmed           |     2 |    25 |     2 |       ||    29
       Rapier            |       |       |    25 |       ||    25
       Flail             |       |       |    46 |   182 ||   228
 Cast: Freeze            |    46 |    71 |   217 |   153 ||   487
       Frozen Ramparts   |       |     4 |    19 |    25 ||    48
       Ozocubu's Armour  |       |       |     2 |     3 ||     5
       Summon Ice Beast  |       |       |     1 |    55 ||    56
 Abil: Hop               |     1 |       |       |     2 ||     3
Evoke: Wand              |       |       |     3 |     4 ||     7
  Use: Potion            |       |     3 |       |       ||     3
       Scroll            |       |       |    13 |    10 ||    23
 Stab: Paralysed         |       |       |     7 |       ||     7
       Distracted        |       |       |       |     4 ||     4
Armor: Robe              |    11 |    20 |    36 |    49 ||   116
       Leather armour    |       |       |       |    20 ||    20
       Scale mail        |       |       |       |   144 ||   144
Dodge: Dodged            |    38 |    75 |   150 |   224 ||   487
Block: Buckler           |       |       |    53 |   109 ||   162

Table legend: (Time is in decaauts)
 A = Elapsed time spent in this place.
 B = Non-inter-level travel time spent in this place.
 C = Inter-level travel time spent in this place.
 D = Time resting spent in this place.
 E = Time spent auto-exploring this place.
 F = Levels seen in this place.
 G = Mean time per level.
                   A        B        C        D        E       F      G
               +--------+--------+--------+--------+--------+-----+--------+
         Total |  21170 |  20606 |    564 |   1213 |  16530 |  16 | 1323.1 |
       Dungeon |  13555 |  13150 |    405 |    714 |  10478 |   9 | 1506.1 |
        Temple |    204 |    166 |     38 |      0 |    164 |   1 |  204.0 |
          Lair |   6964 |   6844 |    120 |    499 |   5601 |   5 | 1392.8 |
         Sewer |    446 |    446 |      0 |      0 |    286 |   1 |  446.0 |
               +--------+--------+--------+--------+--------+-----+--------+

Top non-repeatable levels by time:
     D:7: 2301 daAuts
     D:3: 1871 daAuts
  Lair:3: 1831 daAuts
     D:5: 1762 daAuts
     D:4: 1676 daAuts
  Lair:2: 1632 daAuts
     D:2: 1485 daAuts
  Lair:1: 1473 daAuts
     D:8: 1416 daAuts
     D:1: 1338 daAuts
  Lair:4: 1270 daAuts
     D:6: 1045 daAuts
  Lair:5: 755 daAuts
     D:9: 657 daAuts
   Sewer: 446 daAuts
